 Dungeon Crawl Stone Soup version 0.30.1-3-gfc49f6343a (webtiles) character file.

Game seed: 17889169211852036534

32 Zeor the Slasher (level 3, -2/16 (27) HPs)
             Began as a Demonspawn Reaver on Aug 9, 2023.
             Frozen to death by an endoplasm (4 damage)
             ... on level 2 of the Dungeon.
             The game lasted 00:04:10 (960 turns).

Zeor the Slasher (Demonspawn Reaver)                 Turns: 960, Time: 00:04:11

HP:   -2/16 (27)    AC:  3    Str: 12    XL:     3   Next: 10%
MP:   6/6           EV: 11    Int: 14    God:
Gold: 42            SH:  0    Dex: 13    Spells: 3/6 levels left

rFire   . . .        a - +0 falchion
rCold   . . .        (no shield)
rNeg    . . .        b - +0 leather armour
rPois   .            (no helmet)
rElec   .            (no cloak)
rCorr   .            (no gloves)
SInv    .            (no boots)
Will    +....        (no amulet)
Stlth   +            h - ring of willpower
HPRegen 0.22/turn    (no ring)
MPRegen 0.10/turn

%: no passive effects
@: very heavily drained
A: demonic magic 1
a: no special abilities


You were on level 2 of the Dungeon.
You visited 1 branch of the dungeon, and saw 2 of its levels.

You collected 42 gold pieces.

Inventory:

Hand Weapons
 a - a +0 falchion (weapon)
 d - a +2 whip of draining
Armour
 b - a +0 leather armour (worn)
 e - an orb of guile
Jewellery
 h - a ring of willpower (left hand)
Potions
 f - a potion of flight {unknown}
 g - a potion of attraction {unknown}


   Skills:
 + Level 2.3 Fighting
 + Level 3.3 Long Blades
 + Level 0.5 Armour
 + Level 1.7 Dodging
 * Level 2.1 Spellcasting
 + Level 3.1 Conjurations


You had 3 spell levels left.
You knew the following spells:

 Your Spells              Type           Power      Damage    Failure   Level
a - Kiss of Death         Conj/Necr      20%        2d7       16%         1
b - Momentum Strike       Conj/Tloc      10%        3d8       24%         2

Your spell library contained the following spells:

 Spells                   Type           Power      Damage    Failure   Level
 Beastly Appendage        Tmut           2%         N/A       30%         1
 Wereblood                Tmut           1%         N/A       41%         2
 Hailstorm                Conj/Ice       5%         3d4       43%         3
 Ozocubu's Armour         Ice            1%         N/A       65%         3
 Spider Form              Tmut/Pois      1%         N/A       65%         3
 Manifold Assault         Tloc           1%         N/A       96%         4
 Metabolic Englaciation   Hex/Ice        0%         N/A       100%        5
 Dispersal                Tloc           0%         N/A       100%        6
 Simulacrum               Ice/Necr       0%         N/A       100%        6
 Disjunction              Tloc           0%         N/A       100%        8


Dungeon Overview and Level Annotations

Branches:
Dungeon (2/15)

Altars:

Shops:
D:1 !


Innate Abilities, Weirdness & Mutations

Spells you cast may paralyse adjacent enemies.


Message History

It glows with a cold blue light!
The goblin hits you with a +0 dagger of freezing.
The goblin freezes you.
You barely miss the goblin. The goblin hits you but does no damage.
You hit the goblin.
The goblin is moderately wounded.
The goblin hits you but does no damage.
You hit the goblin.
The goblin is heavily wounded.
The rat closely misses you. The endoplasm hits you.
The goblin hits you with a +0 dagger of freezing.
The goblin freezes you.
You hit the goblin.
The goblin is severely wounded.
The rat bites you but does no damage. The endoplasm freezes you.
You are frozen.
The goblin closely misses you.
You miss the goblin.
The goblin is severely wounded.
The rat barely misses you.
The endoplasm hits you but does no damage.
The goblin hits you with a +0 dagger of freezing.
The goblin freezes you. The rat bites you.
* * * LOW HITPOINT WARNING * * *
The endoplasm closely misses you.
You feel better. The goblin closely misses you.
The rat bites you but does no damage. The endoplasm hits you.
You closely miss the goblin.
The goblin is heavily wounded.
The goblin hits you with a +0 dagger of freezing.
The goblin freezes you. The rat barely misses you. The endoplasm freezes you.
You are frozen.
* * * LOW HITPOINT WARNING * * *
You hit the goblin.
The goblin is severely wounded.
The goblin hits you but does no damage. The rat barely misses you.
The endoplasm freezes you.
You are frozen.
You die...

∙∙∙ ▒∙∙∙∙ ∙∙∙▒∙∙∙∙
∙∙∙∙∙∙∙∙▒
▒▒▒▒▒▒▒■▒▒∙▒▒∙∙∙∙=▒▒▒▒
∙∙∙∙∙∙∙∙∙∙∙▒▒∙∙▒∙∙∙∙∙▒∙∙
∙∙∙∙∙∙∙∙∙∙∙■∙∙∙▒∙∙∙∙∙∙∙∙
∙∙∙∙∙∙∙∙∙∙∙▒▒▒∙∙∙g∙∙∙▒
)▒▒▒∙∙∙∙∙∙∙∙∙∙∙∙6▒▒■▒▒▒
∙▒▒▒∙∙∙∙∙∙∙∙∙∙∙∙Jr∙∙∙∙∙∙
∙▒▒∙∙∙∙∙∙∙∙∙∙∙∙∙∙▒▒∙▒▒▒▒
∙▒▒∙∙∙∙∙∙∙∙∙∙∙▒▒∙▒ ∙∙
∙▒▒∙∙∙∙∙∙∙∙∙∙∙▒∙∙∙∙ ∙∙∙
∙▒▒▒▒▒▒∙∙∙∙∙∙∙▒∙∙∙∙∙∙ ∙∙
∙∙∙∙∙∙∙∙∙∙∙∙∙∙▒∙∙∙∙▒▒∙ ∙
∙∙∙∙∙∙>∙∙∙∙▒▒▒▒∙∙∙∙∙
∙∙∙∙∙∙∙∙∙∙∙▒▒▒▒


∙∙∙∙∙ You could see an endoplasm, a goblin and a rat.

Vanquished Creatures
  A dart slug (D:1)
  2 giant cockroaches (D:1)
  A goblin (D:1)
  5 hobgoblins
  2 jackals (D:1)
  2 quokkas (D:1)
  5 ball pythons (D:1)
  3 bats (D:1)
  2 frilled lizards
  4 kobolds
  2 rats (D:1)
29 creatures vanquished.

Notes
Turn   | Place    | Note
-------+----------+-------------------------------------------
     0 | D:1      | Zeor the Demonspawn Reaver began the quest for the Orb.
     0 | D:1      | Reached XP level 1. HP: 16/16 MP: 3/3
   122 | D:1      | Gained mutation: Spells you cast may paralyse adjacent
                  | enemies. [demonic ancestry]
   122 | D:1      | Reached XP level 2. HP: 22/22 MP: 5/5
   346 | D:1      | Found Ixabb's Distillery.
   436 | D:1      | Reached XP level 3. HP: 15/15 MP: 6/6
   914 | D:2      | Learned a level 2 spell: Momentum Strike
   960 | D:2      | Frozen to death by an endoplasm

Illustrated notes

Levels and vault maps discovered:
D:1:      lemuel_arrival_hallway, layout_rooms, serial_shops,
          nicolae_square_shop, nicolae_figureground_sparkle
D:2:      layout_basic

Skill      XL: |  1 |
---------------+----+-----
Long Blades    | 3 |  3.3
Fighting       | |  2.3
Armour         | |  0.5
Dodging        | |  1.7
Spellcasting   | |  2.1
Conjurations   | |  3.1

Action                     || total
---------------------------++-------
  Melee: Falchion          ||    92
   Cast: Kiss of Death     ||     3
    Use: Scroll            ||     4
         Potion            ||     1
   Stab: Paralysed         ||     2
         Sleeping          ||     1
 Armour: Leather armour    ||    37
  Dodge: Dodged            ||    57
